 Dungeon Crawl Stone Soup version 0.31-a0-631-g285b096dc4 (webtiles) character file.

Game seed: 4670953948716869424

23501 kae the Martial Artist (level 12, -4/124 HPs)
             Began as a Green Draconian Shapeshifter on Aug 25, 2023.
             Was a Believer of Ru.
             Slain by a minotaur
             ... wielding a +2 glaive of flaming
              (12 damage)
             ... in a Gauntlet.
             The game lasted 00:14:02 (13416 turns).

kae the Martial Artist (DrSh)                      Turns: 13416, Time: 00:14:02

Health: -4/124     AC: 18    Str: 22    XL:     12   Next: 72%
Magic:  12/12      EV: 13    Int:  8    God:    Ru [**....]
Gold:   602        SH:  0    Dex: 18    Spells: 11/11 levels left

rFire   . .          .
                       - Unarmed
rCold   . . .        (shield currently unavailable)
rNeg    . . .        (body armour unavailable)
rPois   .            (helmet currently unavailable)
rElec   .            (cloak currently unavailable)
rCorr   .            (gloves currently unavailable)
SInv    .            (boots currently unavailable)
Will    .....        g - amulet of regeneration
Stlth   ++           O - +4 ring of protection
HPRegen 1.20/turn    o - +4 ring of protection
MPRegen 0.13/turn

%: no teleportation
@: snake-form
A: constrict, boosted hp, (breathe noxious fumes), AC +8, large, unfitting
armour, (poison resistance), (cold-blooded), hated by all
a: Begin Untransformation, Renounce Religion


You were in a Gauntlet.
You worshipped Ru.
Ru was pleased with you.
You were an enormous anaconda.
You visited 3 branches of the dungeon, and saw 15 of its levels.
You also visited: Gauntlet.

You collected 602 gold pieces.


Innate Abilities, Weirdness & Mutations

You are an enormous anaconda.
You have a powerful constriction melee attack.
Your maximum health is increased.
Your armour is entirely melded.
You are incapable of wielding weapons or throwing items.
((You can breathe blasts of noxious fumes.))
((Your lurid green scales are hard. (AC +8)))
You cannot fit into any form of body armour.
((Your system is resistant to poisons. (rPois)))
((You are cold-blooded and may be slowed by cold attacks.))
You are hated by all.


   Skills:
 + Level 9.1 Fighting
 + Level 7.0 Dodging
 + Level 13.1 Unarmed Combat
 + Level 12.9 Shapeshifting


You had 11 spell levels left.
You didn't know any spells.
Your spell library contained the following spells:

 Spells                   Type           Power      Damage    Failure   Level
 Magic Dart               Conj           0%         1d3       41%         1
 Ensorcelled Hibernation  Hex/Ice        0%         N/A       54%         2
 Wereblood                Tmut           0%         N/A       54%         2
 Mephitic Cloud           Conj/Pois/Air  0%         N/A       78%         3
 Anguish                  Hex/Necr       0%         N/A       99%         4
 Passage of Golubria      Tloc           0%         N/A       99%         4
 Alistair's Intoxication  Tmut/Pois      0%         N/A       100%        5
 Borgnjor's Vile Clutch   Necr/Erth      0%         N/A       100%        5
 Fireball                 Conj/Fire      0%         3d3       100%        5
 Irradiate                Conj/Tmut      0%         3d11      100%        5
 Iskenderun's Battlesphe  Conj           0%         2d6       100%        5
 Yara's Violent Unravell  Hex/Tmut       0%         3d3       100%        5
 Conjure Ball Lightning   Conj/Air       0%         3x3d6     100%        6
 Eringya's Noxious Bog    Tmut/Pois      0%         4d6       100%        6
 Leda's Unmaking          Conj/Erth      0%         9d1       100%        6
 Orb of Destruction       Conj           0%         9d5       100%        7
 Call Imp                 Summ           Unusable   N/A       N/A         2
 Tukima's Dance           Hex            Unusable   N/A       N/A         3
 Summon Forest            Summ/Tloc      Unusable   N/A       N/A         5
 Summon Mana Viper        Hex/Summ       Unusable   N/A       N/A         5
 Summon Cactus Giant      Summ           Unusable   N/A       N/A         6
 Spellforged Servitor     Conj/Summ      Unusable   N/A       N/A         7

Inventory:

Missiles
 e - 111 stones
 i - 8 javelins
 s - a throwing net {=f!f}
 t - 45 poisoned darts
 u - 15 boomerangs
 K - 2 curare-tipped darts {=f}
 U - 4 atropa-tipped darts
Armour
 h - a +2 pair of boots
   (You found it on level 1 of the Dungeon)
Magical Staves
 W - a staff of death {!a}
   (You found it in a Gauntlet)
Jewellery
 d - a +6 ring of dexterity
   (You took it off a gnoll on level 9 of the Dungeon)
 g - an amulet of regeneration (around neck)
   (You found it on level 9 of the Dungeon)
 o - a +4 ring of protection (right hand)
   (You found it on level 6 of the Dungeon)
 A - an amulet of the acrobat
   (You found it on level 5 of the Dungeon)
 D - a +6 ring of dexterity
   (You found it on level 4 of the Dungeon)
 F - a ring of protection from fire
   (You found it in a Gauntlet)
 J - an amulet of reflection
   (You took it off a kobold demonologist on level 10 of the Dungeon)
 L - a ring of flight
   (You found it on level 6 of the Dungeon)
 N - a ring of positive energy
   (You found it on level 2 of the Dungeon)
 O - a +4 ring of protection (left hand)
   (You found it on level 5 of the Dungeon)
 P - a ring of poison resistance
   (You found it on level 9 of the Dungeon)
 T - an amulet of faith {!P}
   (You took it off an orc priest on level 9 of the Dungeon)
Talismans
 b - a beast talisman
 c - a flux talisman
 w - a blade talisman
   (You found it on level 6 of the Dungeon)
 y - a serpent talisman (active)
   (You found it on level 7 of the Dungeon)
 Q - a maw talisman
   (You found it on level 10 of the Dungeon)
Wands
 a - a wand of flame (45)
   (You took it off an orc on level 3 of the Dungeon)
 k - a wand of light (3)
   (You found it on level 8 of the Dungeon)
 B - a wand of polymorph (3)
   (You took it off an orc priest on level 9 of the Dungeon)
 G - a wand of paralysis (12)
   (You found it on level 10 of the Dungeon)
Scrolls
 j - 3 scrolls of fear
 n - 3 scrolls of poison {!r}
 q - 4 scrolls of teleportation {@r4}
 x - 2 scrolls of enchant weapon
 C - 2 scrolls of enchant armour
 I - a scroll of silence {!r}
 V - 2 scrolls of fog {unknown}
 X - a scroll of revelation
Potions
 f - 3 potions of enlightenment
 l - 2 potions of cancellation
 m - 7 potions of curing {@q1}
 p - 2 potions of lignification {!q}
 r - a potion of might
 v - 2 potions of mutation {!q}
 z - a potion of berserk rage {!q}
 E - 3 potions of attraction {!q}
 H - a potion of heal wounds {@q2}
 M - 2 potions of brilliance
 R - 2 potions of degeneration {unknown}
 S - a potion of invisibility
 Y - 3 potions of ambrosia

Dungeon Overview and Level Annotations

Branches:
Dungeon (12/15) Zot: 26320  Temple (1/1) D:5 Zot: 5925    Lair (2/5) D:9 Zot: 11435
    Orc (0/2) D:9         Gauntlet (1/1) Zot: 5551
  Swamp: Lair:2-3    Shoals: Lair:2-3     Snake: Lair:2-3    Spider: Lair:2-3

Altars:
Ashenzari
Cheibriados
Dithmenos
Elyvilon
Gozag
Kikubaaqudgha
Makhleb
Nemelex Xobeh
Okawaru
Qazlal
Ru
Sif Muna
Trog
Uskayaw
Vehumet
Wu Jian
Xom
Zin
The Shining One

Shops:
D:1 :   D:9 ((?

Annotations:
D:1 2 transporters
D:2 1 runed translucent door, Crazy Yiuf Gauntlet 12 transporters

### # #∩# .# #.# #. ..#.#
. #.#H# .#
#.##.#S###.##.#
...............#
.##.##.##.##.###
.##.##.##.##.###
...............#
#.##.##.##.##.##
###.##.##.##.##.###
#≈...............≈# ###
####8..©.©.©.©.©.©..8####
###


You could see a minotaur.


Message History

😮 HP[-23]
You take 23 damage, and now have 74/124 hp.
You are too injured to fight recklessly!
You are too injured to fight recklessly!
You are too injured to fight recklessly!
You are too injured to fight recklessly!
You are too injured to fight recklessly!
You are too injured to fight recklessly!
You lash the hell beast! You constrict the hell beast.
The hell beast bites you.
The hell beast closely misses you. 😮 HP[-3]
You take 3 damage, and now have 71/124 hp.
Unknown command.
You hit the hell beast.
You kill the hell beast!
The hell hound pauses to sniff the ground.
Your Dodging skill increases to level 7! 😮 HP[+1]
You body-slam the hell hound!!
You kill the hell hound! 😮 HP[+1]
You see here a hell hound corpse. 😮 HP[+1] 😮 HP[+1]
The hell hound pauses to sniff the ground.
Key pressed, stopping explore.
Key pressed, stopping explore.
The hell hound stops to sniff the ground.
The hell hound barks!
The hell hound pauses to sniff the ground.
V - 2 scrolls labelled JYLYZEM RUT (gained 1)
W - a staff of death {!a} 😎 HP[+49]
Your hp is fully restored (124).
There is a transporter here.
F - a ring of protection from fire;
Y - 3 potions of ambrosia Partly explored, unvisited transporter.
Partly explored, unvisited transporter.
Partly explored, unvisited transporter.
There is a transporter here.
You enter the transporter and appear at another place.
Okay, then.
Okay, then.
Okay, then.
Okay, then.
You open the door.
A minotaur comes into view. It is wielding a +2 glaive of flaming.
Found a quarterstaff.
Found a gate leading back out of this place.
The minotaur hits you with a +2 glaive of flaming!!
The minotaur burns you.
The minotaur gores you but does no damage.
There is an open door, spattered with blood here. 😕 HP[-27]
You take 27 damage, and now have 97/124 hp.
MASSIVE DAMAGE!! (PAUSE)
You body-slam the minotaur!!
You grab the minotaur. You constrict the minotaur.
The minotaur hits you with a +2 glaive of flaming!
The minotaur burns you. The minotaur gores you! 😮 HP[-26]
You take 26 damage, and now have 71/124 hp.
MASSIVE DAMAGE!! (PAUSE)
You lash the minotaur!
You constrict the minotaur, but do no damage.
The minotaur hits you with a +2 glaive of flaming.
The minotaur burns you.
The minotaur gores you but does no damage. 😮 HP[-1]
You take 1 damage, and now have 70/124 hp.
Unknown command.
You hit the minotaur but do no damage. You constrict the minotaur. 😮 HP[+1]
You hit the minotaur. You constrict the minotaur.
The minotaur hits you with a +2 glaive of flaming!!
* * * LOW HITPOINT WARNING * * *
The minotaur burns you!
* * * LOW HITPOINT WARNING * * *
The minotaur gores you.
* * * LOW HITPOINT WARNING * * *
Unknown command. 😱 HP[-55]
You take 55 damage, and now have 16/124 hp.
MASSIVE DAMAGE!! (PAUSE)
You feel much better.
You constrict the minotaur, but do no damage.
The minotaur hits you with a +2 glaive of flaming.
* * * LOW HITPOINT WARNING * * *
The minotaur burns you.
* * * LOW HITPOINT WARNING * * *
The minotaur gores you but does no damage. 😨 HP[+19]
You regained 19 hp, and now have 35/124 hp.
Okay, then.
You hit the minotaur but do no damage. You constrict the minotaur.
The minotaur hits you with a +2 glaive of flaming!!
* * * LOW HITPOINT WARNING * * *
The minotaur burns you.
* * * LOW HITPOINT WARNING * * *
The minotaur gores you!
You die...

Skill      XL: |  1  2  3  4  5  6  7  8  9 10 11 12 |
---------------+-------------------------------------+-----
Dodging        | 2 3 5 7 |  7.0
Fighting       | 2 3 5 7 9 |  9.1
Shapeshifting  | 4 5 6 8 10 11 12 | 12.9
Unarmed Combat | 4 5 6 9 11 12 13 | 13.1

Action                     |  1- 3 |  4- 6 |  7- 9 | 10-12 || total
---------------------------+-------+-------+-------+-------++-------
  Melee: Unarmed           |    99 |   182 |   270 |   558 ||  1109
         Tailslap          |     8 |    19 |    53 |     3 ||    83
         Punch             |     2 |     4 |     1 |       ||     7
         Constrict         |       |       |       |   110 ||   110
 Invoke: Reject Sacrifices |       |       |     1 |     1 ||     2
         Sacrifice Love    |       |       |       |     1 ||     1
Ability: Breathe Noxious F |       |       |    15 |     1 ||    16
  Evoke: Wand              |       |    16 |       |       ||    16
    Use: Scroll            |     2 |     7 |     6 |     8 ||    23
         Potion            |       |     1 |       |     1 ||     2
   Stab: Sleeping          |     1 |     6 |       |     2 ||     9
         Confused          |       |       |    12 |     1 ||    13
         Petrified         |       |       |       |     1 ||     1
 Armour: Skin              |    23 |    37 |   104 |   249 ||   413
  Dodge: Dodged            |    74 |    92 |   200 |   301 ||   667
   Form: Flux              |       |       |     1 |       ||     1
         Anaconda          |       |       |       |     1 ||     1

Levels and vault maps discovered:
D:1:      ncdulo_halloftheorcs, layout_basic, serial_shops,
          nicolae_shop_drivethru
D:2:      minmay_thinvault, layout_basic, roderic_lattice_a,
          uniq_crazy_yiuf_cottage
D:3:      layout_loops_cross, mainiacjoe_overflow_boulevard, uniq_jessica,
          uniq_terence
D:4:      layout_rooms, nicolae_hepliaklqana_monster_ancestors
D:5:      layout_basic, mainiacjoe_overflow_surrounded_room, temple_statues,
          uniq_prince_ribbit1, uniq_menkaure
D:6:      kb_forest_paths, layout_basic, uniq_jeremiah
D:7:      layout_basic, nemelex_dance_club_becter, ashenzari_altar_1
D:8:      layout_basic, mainiacjoe_overflow_swirl, minmay_manual_monstrance
D:9:      layout_basic, david_lair_shrubbed, erik_orc_4, serial_shops,
          nicolae_shop_stone, nicolae_shop_statue_plus, kennysheep_little_box,
          serial_glass, glass_columns_a, glass_columns_b,
          minmay_strange_pillars, item_on_display_a, feat_on_display
D:10:     layout_rooms, tso_altar, mainiacjoe_overflow_catwalk
D:11:     layout_stronghold, lemuel_old_faithful
D:12:     layout_cave_pools
Temple:   nicolae_temple_figure_eight
Lair:1:   layout_misc_corridors, grunt_megastairs_1
Lair:2:   layout_regular_city, nicolae_swamp_entry_splash_gauntlet,
          nicolae_spider_entry_lesser_pyramids, basic_altar,
          gauntlet_entry_generic, columned_hall_lemuel, uniq_amaemon
Gauntlet: gammafunk_gauntlet_one_two_three [nicolae_gauntlet_arena_x,
          nicolae_gauntlet_arena_blocks, nicolae_gauntlet_arena_quarters,
          gammafunk_gauntlet_arena_teeth, gammafunk_gauntlet_arena_spirals,
          nicolae_gauntlet_arena_t_cross, nicolae_gauntlet_arena_flowing_pool,
          gammafunk_gauntlet_arena_split_diamond,
          gammafunk_gauntlet_arena_split_x, gauntlet_exit_green]

Notes
Turn   | Place    | Note
-------+----------+-------------------------------------------
     0 | D:1      | kae the Draconian Shapeshifter began the quest for the Orb.
     0 | D:1      | Reached XP level 1. HP: 16/16 MP: 1/1
     0 | D:1      | magus.rc [v1.11.3]
   160 | D:1      | Reached XP level 2. HP: 18/23 MP: 2/2
   163 | D:1      | Reached skill level 2 in Dodging
   569 | D:1      | Found a transporter.
   569 | D:1      | Found Xiskoxi's Book Shoppe.
   613 | D:1      | Found a transporter.
   628 | D:1      | Reached XP level 3. HP: 29/29 MP: 3/3
   792 | D:2      | Found a runed translucent door.
   793 | D:2      | Noticed Crazy Yiuf
  1006 | D:2      | HP: 7/29 [worm (9)]
  1008 | D:2      | Reached skill level 2 in Fighting
  1204 | D:2      | Reached XP level 4. HP: 26/36 MP: 4/4
  1329 | D:2      | Reached skill level 4 in Shapeshifting
  2186 | D:3      | Noticed Terence
  2196 | D:3      | HP: 9/37 [Terence/+0 mace (9)]
  2198 | D:3      | Killed Terence
  2199 | D:3      | Reached XP level 5. HP: 16/42 MP: 5/5
  2378 | D:3      | Noticed Jessica
  2409 | D:3      | Killed Jessica
  2510 | D:3      | Found a glowing silver altar of Zin.
  2545 | D:3      | You pick up a book of the Wilderness and begin reading...
  2545 | D:3      | You add the spells Summon Forest, Summon Mana Viper and
                  | Summon Cactus Giant to your library.
  2992 | D:4      | Reached skill level 4 in Unarmed Combat
  3007 | D:4      | Reached skill level 3 in Fighting
  3007 | D:4      | Reached skill level 3 in Dodging
  3007 | D:4      | Reached XP level 6. HP: 40/51 MP: 6/6
  3105 | D:4      | Reached skill level 5 in Shapeshifting
  3347 | D:4      | You add the spells Alistair's Intoxication, Borgnjor's Vile
                  | Clutch and Eringya's Noxious Bog to your library.
  3505 | D:3      | Your scales start taking on a lurid green colour.
  3505 | D:3      | Reached XP level 7. HP: 53/58 MP: 7/7
  3505 | D:3      | Gained mutation: Your system is resistant to poisons.
                  | (rPois) [Green Draconian growth]
  3721 | D:4      | Found a hazy altar of Hepliaklqana.
  3835 | D:5      | Entered Level 5 of the Dungeon
  3874 | D:5      | Noticed Menkaure
  3960 | D:5      | Killed Menkaure
  3961 | D:5      | Reached skill level 4 in Fighting
  4031 | D:5      | Found a staircase to the Ecumenical Temple.
  4041 | Temple   | Entered the Ecumenical Temple
  4079 | Temple   | Became a worshipper of Ru the Awakened
  4316 | D:5      | Noticed Prince Ribbit
  4369 | D:5      | Reached skill level 5 in Unarmed Combat
  4369 | D:5      | Reached skill level 6 in Shapeshifting
  4483 | D:5      | Found a stormy altar of Qazlal.
  4623 | D:5      | You pick up a book of Changes and begin reading...
  4623 | D:5      | You add the spells Wereblood and Irradiate to your library.
  4874 | D:5      | Killed Prince Ribbit
  4875 | D:5      | Reached skill level 5 in Fighting
  4875 | D:5      | Reached XP level 8. HP: 56/68 MP: 8/8
  4998 | D:5      | Reached skill level 7 in Shapeshifting
  5188 | D:6      | Reached skill level 6 in Unarmed Combat
  5195 | D:6      | Reached skill level 8 in Shapeshifting
  5306 | D:6      | Reached XP level 9. HP: 72/74 MP: 9/9
  5385 | D:6      | Reached skill level 7 in Unarmed Combat
  5480 | D:6      | Reached skill level 9 in Shapeshifting
  5659 | D:6      | Noticed Jeremiah
  5695 | D:6      | HP: 14/65 [Jeremiah/+3 trident of draining (6)]
  5699 | D:6      | HP: 6/62 [Jeremiah/+3 trident of draining (4)]
  5701 | D:6      | Killed Jeremiah
  6448 | D:7      | Found a broken altar of Ashenzari.
  6466 | D:7      | Reached skill level 8 in Unarmed Combat
  6466 | D:7      | Reached skill level 10 in Shapeshifting
  6687 | D:7      | Reached skill level 9 in Unarmed Combat
  6779 | D:7      | Reached XP level 10. HP: 72/81 MP: 10/10
  6873 | D:7      | Found a sparkling altar of Nemelex Xobeh.
  7294 | D:8      | Noticed a boulder beetle
  7306 | D:8      | Killed a boulder beetle
  7316 | D:8      | Reached skill level 10 in Unarmed Combat
  7997 | D:8      | Found a hide-covered altar of Uskayaw.
  8006 | D:8      | Found a shimmering blue altar of Sif Muna.
  8018 | D:8      | Gained mutation: You are hated by all. [Ru sacrifice]
  8018 | D:8      | Reached * piety under Ru
  8018 | D:8      | Reached ** piety under Ru
  8278 | D:9      | Found Udeusolo's Weapon Shoppe.
  8352 | D:9      | Found a staircase to the Lair.
  8415 | D:9      | Reached skill level 11 in Shapeshifting
  8459 | D:9      | Reached skill level 11 in Unarmed Combat
  8485 | D:9      | Found a staircase to the Orcish Mines.
  9068 | D:9      | Found Cugemeexeun's Magic Scroll Emporium.
  9338 | D:9      | Found Cuhoh's Antique Weapon Emporium.
  9381 | D:10     | Entered Level 10 of the Dungeon
  9388 | D:10     | Reached XP level 11. HP: 86/86 MP: 11/11
  9442 | D:10     | Noticed a two-headed ogre
  9452 | D:10     | Killed a two-headed ogre
  9545 | D:10     | You add the spells Passage of Golubria and Yara's Violent
                  | Unravelling to your library.
  9874 | D:10     | Found a snail-covered altar of Cheibriados.
  9881 | D:10     | Reached skill level 4 in Dodging
  9889 | D:10     | You pick up a book of Dreams and begin reading...
  9889 | D:10     | You add the spells Ensorcelled Hibernation and Anguish to
                  | your library.
  9999 | D:10     | Found a glowing golden altar of the Shining One.
 10083 | D:11     | You pick up a book of Power and begin reading...
 10083 | D:11     | You add the spells Iskenderun's Battlesphere and Leda's
                  | Unmaking to your library.
 10101 | D:11     | Reached skill level 6 in Fighting
 10189 | D:11     | Noticed a red ugly thing
 10210 | D:11     | Killed a red ugly thing
 10562 | D:11     | Noticed a brown ugly thing
 10578 | D:11     | Killed a brown ugly thing
 10820 | D:11     | Reached skill level 12 in Unarmed Combat
 10820 | D:11     | Reached skill level 12 in Shapeshifting
 10826 | D:11     | Reached skill level 5 in Dodging
 10981 | D:11     | Reached skill level 7 in Fighting
 11369 | D:11     | You pick up a book of the Spheres and begin reading...
 11369 | D:11     | You add the spells Fireball, Conjure Ball Lightning and Orb
                  | of Destruction to your library.
 11723 | D:12     | Noticed a boulder beetle
 11731 | D:12     | Killed a boulder beetle
 11773 | D:12     | Noticed a sun demon
 11782 | D:12     | Reached XP level 12. HP: 100/100 MP: 12/12
 11812 | D:12     | Noticed a boulder beetle
 11827 | D:12     | Killed a boulder beetle
 11952 | D:12     | Reached skill level 8 in Fighting
 12009 | D:12     | Reached skill level 6 in Dodging
 12388 | Lair:1   | Entered Level 1 of the Lair of Beasts
 12804 | Lair:1   | You pick up a book of Minor Magic and begin reading...
 12804 | Lair:1   | You add the spells Magic Dart and Mephitic Cloud to your
                  | library.
 12961 | Lair:2   | Found a gate leading to a gauntlet.
 12969 | Gauntlet | Entered a Gauntlet
 12969 | Gauntlet | Found a transporter.
 12977 | Gauntlet | Found a transporter.
 12979 | Gauntlet | Found a transporter.
 12988 | Gauntlet | Found a transporter.
 13003 | Gauntlet | Found a transporter.
 13008 | Gauntlet | Found a transporter.
 13020 | Gauntlet | Noticed a green death
 13029 | Gauntlet | Found a transporter.
 13043 | Gauntlet | Found a transporter.
 13063 | Gauntlet | Found a transporter.
 13072 | Gauntlet | Found a transporter.
 13085 | Gauntlet | Noticed a hell beast
 13087 | Gauntlet | Found a transporter.
 13093 | Gauntlet | Found a transporter.
 13115 | Gauntlet | Found a transporter.
 13125 | Gauntlet | Found a transporter.
 13127 | Gauntlet | Found a transporter.
 13144 | Gauntlet | Found a transporter.
 13167 | Gauntlet | Found a transporter.
 13186 | Gauntlet | Found a transporter.
 13296 | Gauntlet | Reached skill level 9 in Fighting
 13296 | Gauntlet | Reached skill level 13 in Unarmed Combat
 13340 | Gauntlet | Killed a hell beast
 13341 | Gauntlet | Reached skill level 7 in Dodging
 13409 | Gauntlet | Noticed a minotaur
 13414 | Gauntlet | HP: 21/124 [minotaur/+2 glaive of flaming (17)]
 13416 | Gauntlet | HP: 10/124 [minotaur/+2 glaive of flaming (26)]
 13416 | Gauntlet | Slain by a minotaur

Vanquished Creatures
  A hell beast (Gauntlet)
  A two-headed ogre (D:10)
  3 boulder beetles
  3 ugly things
  An oklob plant (Gauntlet)
  2 cyclopes
  A moth of wrath (Gauntlet)
  A black mamba (Lair:1)
  Jeremiah (D:6)
  A cane toad (Lair:1)
  A rime drake (Lair:1)
  7 kobold demonologists
  An unseen horror (D:11)
  7 komodo dragons
  4 trolls
  A polar bear (Lair:1)
  Prince Ribbit (D:5)
  2 shadows
  2 wyverns
  3 wraiths
  A basilisk (D:11)
  20 yaks
  2 steam dragons
  2 wargs (D:9)
  Menkaure (D:5)
  2 acid dragons
  5 water moccasins
  2 hell hounds (Gauntlet)
  8 orc warriors
  An ice beast (D:5)
  A black bear (D:8)
  A sky beast (D:7)
  4 ogres
  5 wolves (Gauntlet)
  5 centaurs
  A phantom (D:7)
  5 kobold brigands
  4 bullfrogs
  A gnoll sergeant (D:9)
  6 scorpions
  8 wights
  15 killer bees
  7 howler monkeys
  6 hounds
  10 orc priests
  A gnoll bouda (D:10)
  Jessica (D:3)
  8 iguanas
  2 sleepcaps (D:7)
  Terence (D:3)
  12 orc wizards
  10 gnolls
  9 adders
  A shadow imp (D:4)
  2 white imps
  2 ufetubi
  3 worms
  4 dart slugs
  62 orcs
  12 endoplasms
  4 giant cockroaches
  12 goblins
  10 hobgoblins
  4 jackals (D:1)
  4 quokkas
  13 ball pythons
  6 bats
  4 frilled lizards
  18 kobolds
  8 rats
  A spectral goblin (D:4)
381 creatures vanquished.

Vanquished Creatures (collateral kills)
  A killer bee (D:7)
1 creature vanquished.

Grand Total: 382 creatures vanquished

Table legend:
 A = Non-vault XP
 B = Vault XP
 C = Vault XP percentage of total XP
 D = Non-vault monster count
 E = Vault monster count
 F = Vault count percentage of total count
                 A         B        C        D         E       F
            +---------+---------+-------+---------+---------+-------
      Total |   25835 |    7738 |  23.0 |     310 |      72 |  18.8
            +---------+---------+-------+---------+---------+-------
        D:1 |      41 |       0 |   0.0 |      23 |       0 |   0.0
        D:2 |      93 |      49 |  34.5 |      27 |      16 |  37.2
        D:3 |     122 |      73 |  37.4 |      24 |       2 |   7.7
        D:4 |     426 |       3 |   0.7 |      24 |       2 |   7.7
        D:5 |     582 |     412 |  41.4 |      20 |       2 |   9.1
        D:6 |    1804 |     589 |  24.6 |      25 |       7 |  21.9
        D:7 |    1568 |     123 |   7.3 |      24 |       2 |   7.7
        D:8 |     974 |    1012 |  51.0 |      24 |       3 |  11.1
        D:9 |    2069 |     902 |  30.4 |      26 |      18 |  40.9
       D:10 |    3328 |       0 |   0.0 |      31 |       0 |   0.0
       D:11 |    5819 |       0 |   0.0 |      27 |       0 |   0.0
       D:12 |    5288 |       0 |   0.0 |      22 |       0 |   0.0
     Lair:1 |    3721 |    1620 |  30.3 |      13 |       9 |  40.9
   Gauntlet |       0 |    2955 | 100.0 |       0 |      11 | 100.0
            +---------+---------+-------+---------+---------+-------

Skill      XL: |  1  2  3  4  5  6  7  8  9 10 11 12 |
---------------+-------------------------------------+-----
Dodging        | 2 3 5 7 |  7.0
Fighting       | 2 3 5 7 9 |  9.1
Shapeshifting  | 4 5 6 8 10 11 12 | 12.9
Unarmed Combat | 4 5 6 9 11 12 13 | 13.1

Action                     |  1- 3 |  4- 6 |  7- 9 | 10-12 || total
---------------------------+-------+-------+-------+-------++-------
  Melee: Unarmed           |    99 |   182 |   270 |   558 ||  1109
         Tailslap          |     8 |    19 |    53 |     3 ||    83
         Punch             |     2 |     4 |     1 |       ||     7
         Constrict         |       |       |       |   110 ||   110
 Invoke: Reject Sacrifices |       |       |     1 |     1 ||     2
         Sacrifice Love    |       |       |       |     1 ||     1
Ability: Breathe Noxious F |       |       |    15 |     1 ||    16
  Evoke: Wand              |       |    16 |       |       ||    16
    Use: Scroll            |     2 |     7 |     6 |     8 ||    23
         Potion            |       |     1 |       |     1 ||     2
   Stab: Sleeping          |     1 |     6 |       |     2 ||     9
         Confused          |       |       |    12 |     1 ||    13
         Petrified         |       |       |       |     1 ||     1
 Armour: Skin              |    23 |    37 |   104 |   249 ||   413
  Dodge: Dodged            |    74 |    92 |   200 |   301 ||   667
   Form: Flux              |       |       |     1 |       ||     1
         Anaconda          |       |       |       |     1 ||     1

Illustrated notes

Table legend:
 A = Kills in this place as a percentage of kills in the entire game.
 B = Kills by you in this place as a percentage of kills by you in the entire game.
 C = Kills by friends in this place as a percentage of kills by friends in the entire game.
 D = Other kills in this place as a percentage of other kills in the entire game.
 E = Experience gained in this place as a percentage of experience gained in the entire game.
 F = Experience gained in this place divided by the number of levels of this place that you have seen.
                   A       B       C       D       E      F
               +-------+-------+-------+-------+-------+----------------------
         Total | 100.0 | 100.0 | 100.0 | 100.0 | 100.0 | 2098.3
       Dungeon |  91.4 |  91.2 | 100.0 | 100.0 |  75.3 | 2106.4
          Lair |   5.8 |   5.9 |   0.0 |   0.0 |  15.9 | 2670.5
      Gauntlet |   2.9 |   2.9 |   0.0 |   0.0 |   8.8 | 2955.0
               +-------+-------+-------+-------+-------+----------------------

Table legend: (Time is in decaauts)
 A = Elapsed time spent in this place.
 B = Non-inter-level travel time spent in this place.
 C = Inter-level travel time spent in this place.
 D = Time resting spent in this place.
 E = Time spent auto-exploring this place.
 F = Levels seen in this place.
 G = Mean time per level.
                   A        B        C        D        E       F      G
               +--------+--------+--------+--------+--------+-----+--------+
         Total |  13262 |  12650 |    612 |    783 |   9568 |  16 |  828.9 |
       Dungeon |  12175 |  11650 |    525 |    765 |   8825 |  12 | 1014.6 |
        Temple |     74 |      1 |     73 |      0 |      0 |   1 |   74.0 |
          Lair |    564 |    552 |     12 |     16 |    427 |   2 |  282.0 |
      Gauntlet |    447 |    447 |      0 |      2 |    316 |   1 |  447.0 |
               +--------+--------+--------+--------+--------+-----+--------+

Top non-repeatable levels by time:
    D:11: 1634 daAuts
     D:2: 1386 daAuts
     D:8: 1194 daAuts
     D:6: 1161 daAuts
     D:9: 1128 daAuts
     D:5: 1075 daAuts
     D:3: 932 daAuts
     D:4: 838 daAuts
     D:7: 820 daAuts
     D:1: 715 daAuts
    D:10: 706 daAuts
    D:12: 582 daAuts
  Lair:1: 556 daAuts
Gauntlet: 447 daAuts
  Temple: 74 daAuts
